3L
SEATTLE AVIATORS @ THUNDER BAY NORTHERN LIONS BC
07/30/2019
 
TOP OF THE 1ST
Seattle Aviators batting - Pitching for Thunder Bay Northern Lions BC : RHP Clemente Prista
Pitching: RHP Clemente Prista
Batting: LHB Phil Parkinson 0-0: Ball
1-0: Called Strike
1-1: Swinging Strike
1-2: Strikes out swinging
Batting: RHB José Lozano 0-0: Called Strike
0-1: Ball
1-1: Ball
2-1: Foul Ball, location: 2F
2-2: Fly out, F8 (Flyball, 8RD)
Batting: RHB John MacGregor 0-0: Called Strike
0-1: Ball
1-1: Foul Ball, location: 2F
1-2: Ground out 5-3 (Groundball, 56)
Top of the 1st over - 0 run(s), 0 hit(s), 0 error(s), 0 left on base; Seattle 0 - Thunder Bay 0
BOTTOM OF THE 1ST
Thunder Bay Northern Lions BC batting - Pitching for Seattle Aviators : RHP Nathaniel O'Heyne
Pitching: RHP Nathaniel O'Heyne
Batting: LHB Curtis Peters 0-0: Ball
1-0: Swinging Strike
1-1: Foul Ball, location: 2F
1-2: Foul Ball, location: 2F
1-2: Foul Ball, location: 2F
1-2: SINGLE (Line Drive, 89S)
Batting: LHB Juan Durán 0-0: Ball
1-0: Ball
2-0: Ball
3-0: Base on Balls
Curtis Peters to second
Batting: RHB Dong-joon Ch'oe 0-0: Ball
1-0: Swinging Strike
1-1: Called Strike
1-2: Ball
2-2: Strikes out swinging
Batting: LHB David Smith 0-0: Ball
1-0: Ball
2-0: Ball
3-0: Called Strike
3-1: Fly out, F9 (Popup, 89S)
Batting: RHB Duncan Thomas 0-0: Called Strike
0-1: Swinging Strike
0-2: Strikes out looking
Bottom of the 1st over - 0 run(s), 1 hit(s), 0 error(s), 2 left on base; Seattle 0 - Thunder Bay 0
TOP OF THE 2ND
Seattle Aviators batting - Pitching for Thunder Bay Northern Lions BC : RHP Clemente Prista
Batting: LHB Michael Greene 0-0: Ball
1-0: Ball
2-0: Ball
3-0: Base on Balls
Batting: RHB Kenzaburo Hori 0-0: Foul Ball, location: 2F
0-1: Called Strike
0-2: Grounds into double play, 4-6-3 (Groundball, 4)
Batting: RHB Clarence Fox 0-0: Ball
1-0: Ball
2-0: Ball
3-0: Called Strike
3-1: Foul Ball, location: 2F
3-2: Foul Ball, location: 2F
3-2: Foul Ball, location: 2F
3-2: SINGLE (Flyball, 8LS)
Batting: RHB Lawrence Bell 0-0: Called Strike
0-1: Called Strike
0-2: Ball
1-2: Ball
2-2: Ball
3-2: Base on Balls
Clarence Fox to second
Batting: LHB Vern Forrest 0-0: Ball
1-0: Foul Ball, location: 2F
1-1: Foul Ball, location: 2F
1-2: Foul Ball, location: 2F
1-2: Strikes out looking
Top of the 2nd over - 0 run(s), 1 hit(s), 0 error(s), 2 left on base; Seattle 0 - Thunder Bay 0
BOTTOM OF THE 2ND
Thunder Bay Northern Lions BC batting - Pitching for Seattle Aviators : RHP Nathaniel O'Heyne
Batting: LHB Keith Bridges 0-0: Ball
1-0: Foul Ball, location: 2F
1-1: Ball
2-1: Foul Ball, location: 2F
2-2: Ball
3-2: Base on Balls
Batting: RHB Jason Wise 0-0: Called Strike
0-1: Fly out, F9 (Popup, 3D)
Batting: SHB Miguel Soto 0-0: Ball
1-0: Ball
2-0: Foul Ball, location: 2F
2-1: Ball
3-1: Fly out, F8 (Flyball, 8RD)
Batting: SHB Clemente Prista 0-0: Ball
1-0: DOUBLE (Flyball, 7LS)
Keith Bridges to third
Batting: LHB Curtis Peters 0-0: Ball
1-0: Ball
2-0: Called Strike
2-1: Swinging Strike
2-2: Strikes out swinging
Bottom of the 2nd over - 0 run(s), 1 hit(s), 0 error(s), 2 left on base; Seattle 0 - Thunder Bay 0
TOP OF THE 3RD
Seattle Aviators batting - Pitching for Thunder Bay Northern Lions BC : RHP Clemente Prista
Batting: RHB Nathaniel O'Heyne 0-0: Called Strike
0-1: Called Strike
0-2: Strikes out swinging
Batting: LHB Phil Parkinson 0-0: Ball
1-0: Called Strike
1-1: Bunted foul
1-2: Foul Ball, location: 2F
1-2: Ball
2-2: Fly out, F9 (Flyball, 89M)
Batting: RHB José Lozano 0-0: Called Strike
0-1: Ball
1-1: Ball
2-1: Called Strike
2-2: Ball
3-2: Base on Balls
Batting: RHB John MacGregor 0-0: Ball
1-0: Called Strike
1-1: Swinging Strike
1-2: Fly out, F9 (Flyball, 89D)
Top of the 3rd over - 0 run(s), 0 hit(s), 0 error(s), 1 left on base; Seattle 0 - Thunder Bay 0
BOTTOM OF THE 3RD
Thunder Bay Northern Lions BC batting - Pitching for Seattle Aviators : RHP Nathaniel O'Heyne
Batting: LHB Juan Durán 0-0: Called Strike
0-1: Called Strike
0-2: Foul Ball, location: 2F
0-2: Strikes out swinging
Batting: RHB Dong-joon Ch'oe 0-0: Ball
1-0: SINGLE (Line Drive, 34)
Batting: LHB David Smith 0-0: DOUBLE (Line Drive, 8RXD)
Dong-joon Ch'oe to third
Runner from 3rd tries for Home, SAFE, throw made home
Batting: RHB Duncan Thomas 0-0: Called Strike
0-1: Ball
1-1: Ground out 6-3 (Groundball, 6)
Batting: LHB Keith Bridges 0-0: Called Strike
0-1: Ball
1-1: Ball
2-1: Ground out 6-3 (Groundball, 56)
Bottom of the 3rd over - 1 run(s), 2 hit(s), 0 error(s), 1 left on base; Seattle 0 - Thunder Bay 1
TOP OF THE 4TH
Seattle Aviators batting - Pitching for Thunder Bay Northern Lions BC : RHP Clemente Prista
Batting: LHB Michael Greene 0-0: Called Strike
0-1: Called Strike
0-2: Strikes out swinging
Batting: RHB Kenzaburo Hori 0-0: Swinging Strike
0-1: Ground out 6-3 (Groundball, 6)
Batting: RHB Clarence Fox 0-0: Swinging Strike
0-1: Ball
1-1: Ball
2-1: Swinging Strike
2-2: Fly out, F9 (Flyball, 9D)
Top of the 4th over - 0 run(s), 0 hit(s), 0 error(s), 0 left on base; Seattle 0 - Thunder Bay 1
BOTTOM OF THE 4TH
Thunder Bay Northern Lions BC batting - Pitching for Seattle Aviators : RHP Nathaniel O'Heyne
Batting: RHB Jason Wise 0-0: Called Strike
0-1: Swinging Strike
0-2: Fly out, F7 (Flyball, 7D)
Batting: SHB Miguel Soto 0-0: Reached on error, E6 (Groundball, 6MS)
Batting: SHB Clemente Prista 0-0: Called Strike
0-1: Ball
1-1: Fly out, F6 (Popup, 6M)
Batting: LHB Curtis Peters 0-0: Ground out 4-3 (Groundball, 4)
Bottom of the 4th over - 0 run(s), 0 hit(s), 1 error(s), 1 left on base; Seattle 0 - Thunder Bay 1
TOP OF THE 5TH
Seattle Aviators batting - Pitching for Thunder Bay Northern Lions BC : RHP Clemente Prista
Batting: RHB Lawrence Bell 0-0: Ball
1-0: Ball
2-0: Ball
3-0: Called Strike
3-1: Base on Balls
Batting: LHB Vern Forrest 0-0: Ball
1-0: Called Strike
1-1: Ball
2-1: Foul Ball, location: 2F
2-2: Ball
3-2: Strikes out swinging
Batting: RHB Nathaniel O'Heyne 0-0: Sac Bunt - play at second, runner OUT! 1-6
Batting: LHB Phil Parkinson 0-0: Ball
1-0: Foul Ball, location: 2F
1-1: Ball
2-1: Foul Ball, location: 2F
2-2: Ball
3-2: Fly out, F8 (Flyball, 89D)
Top of the 5th over - 0 run(s), 0 hit(s), 0 error(s), 1 left on base; Seattle 0 - Thunder Bay 1
BOTTOM OF THE 5TH
Thunder Bay Northern Lions BC batting - Pitching for Seattle Aviators : RHP Nathaniel O'Heyne
Batting: LHB Juan Durán 0-0: Ball
1-0: Fly out, F9 (Flyball, 89M)
Batting: RHB Dong-joon Ch'oe 0-0: Called Strike
0-1: Ground out 6-3 (Groundball, 6M)
Batting: LHB David Smith 0-0: Foul Ball, location: 2F
0-1: Ball
1-1: Called Strike
1-2: Ball
2-2: DOUBLE (Flyball, 7D)
Batting: RHB Duncan Thomas 0-0: Ground out 4-3 (Groundball, 4)
Bottom of the 5th over - 0 run(s), 1 hit(s), 0 error(s), 1 left on base; Seattle 0 - Thunder Bay 1
TOP OF THE 6TH
Seattle Aviators batting - Pitching for Thunder Bay Northern Lions BC : RHP Clemente Prista
Batting: RHB José Lozano 0-0: Ball
1-0: Ground out 4-3 (Groundball, 34)
Batting: RHB John MacGregor 0-0: Called Strike
0-1: Foul Ball, location: 2F
0-2: Ball
1-2: SINGLE (Groundball, 6MD)
Batting: LHB Michael Greene 0-0: Ball
1-0: Called Strike
1-1: Ball
2-1: Fly out, F9 (Flyball, 8RS)
Batting: RHB Kenzaburo Hori 0-0: Called Strike
0-1: Called Strike
0-2: Ball
1-2: Strikes out looking
Top of the 6th over - 0 run(s), 1 hit(s), 0 error(s), 1 left on base; Seattle 0 - Thunder Bay 1
BOTTOM OF THE 6TH
Thunder Bay Northern Lions BC batting - Pitching for Seattle Aviators : RHP Nathaniel O'Heyne
Batting: LHB Keith Bridges 0-0: Called Strike
0-1: Ground out 6-3 (Groundball, 6M)
Batting: RHB Jason Wise 0-0: Ball
1-0: Ball
2-0: Ball
3-0: Called Strike
3-1: Base on Balls
Batting: SHB Miguel Soto 0-0: SINGLE (Flyball, 8RS)
Jason Wise to second
Runner from 2nd tries for 3rd, SAFE, throw made to third
Pinch Hitting: LHB Theodore Shaw Pickoff Throw to First - Error! E1
Jason Wise scores
Miguel Soto to second
0-0: Called Strike
0-1: Ground out 5-3 (Groundball, 56)
Batting: LHB Curtis Peters 0-0: Ball
1-0: Foul Ball, location: 2F
1-1: Ball
2-1: Ball
3-1: Foul Ball, location: 2F
3-2: Foul Ball, location: 2F
3-2: Foul Ball, location: 2F
3-2: SINGLE (Line Drive, 4D)
Miguel Soto to third
Miguel Soto scores
Batting: LHB Juan Durán 0-0: Ball
1-0: Called Strike
1-1: SINGLE (Line Drive, 6)
Curtis Peters to second
Batting: RHB Dong-joon Ch'oe 0-0: Ball
1-0: Foul Ball, location: 2F
1-1: Swinging Strike
1-2: Strikes out swinging
Bottom of the 6th over - 2 run(s), 3 hit(s), 1 error(s), 2 left on base; Seattle 0 - Thunder Bay 3
TOP OF THE 7TH
Seattle Aviators batting - Pitching for Thunder Bay Northern Lions BC : RHP Clemente Prista
Pitching: LHP Jesús Gonzáles
Batting: RHB Clarence Fox 0-0: Ball
1-0: Swinging Strike
1-1: Swinging Strike
1-2: Foul Ball, location: 2F
1-2: Foul Ball, location: 2F
1-2: Foul Ball, location: 2F
1-2: Ball
2-2: Ball
3-2: Foul Ball, location: 2F
3-2: Base on Balls
Batting: RHB Lawrence Bell 0-0: Called Strike
0-1: Swinging Strike
0-2: Foul Ball, location: 2F
0-2: Strikes out swinging
Batting: LHB Vern Forrest 0-0: Ball
1-0: Fly out, F7 (Flyball, 78D)
Batting: RHB Nathaniel O'Heyne 0-0: Called Strike
0-1: Ball
1-1: Foul Ball, location: 2F
1-2: Foul Ball, location: 2F
1-2: Strikes out looking
Top of the 7th over - 0 run(s), 0 hit(s), 0 error(s), 1 left on base; Seattle 0 - Thunder Bay 3
BOTTOM OF THE 7TH
Thunder Bay Northern Lions BC batting - Pitching for Seattle Aviators : RHP Nathaniel O'Heyne
Batting: LHB David Smith 0-0: Ball
1-0: Ball
2-0: Ball
3-0: Base on Balls
Batting: RHB Duncan Thomas 0-0: Swinging Strike
0-1: Ball
1-1: Swinging Strike
1-2: Foul Ball, location: 2F
1-2: Strikes out swinging
Batting: LHB Keith Bridges 0-0: Ball
1-0: Called Strike
1-1: Called Strike
1-2: Ball
2-2: DOUBLE (Line Drive, 9LS)
David Smith to third
Batting: RHB Jason Wise 0-0: Intentional Walk
Pinch Hitting: RHB Jacob Holt 0-0: Foul Ball, location: 2F
0-1: Ball
1-1: Swinging Strike
1-2: Fly out, F8 (Line Drive, 8RD)
Runner from 3rd tags up, SCORES, no throw
Pinch Hitting: RHB Wilbur Harris 0-0: Called Strike
0-1: Ball
1-1: Called Strike
1-2: Strikes out looking
Bottom of the 7th over - 1 run(s), 1 hit(s), 0 error(s), 2 left on base; Seattle 0 - Thunder Bay 4
TOP OF THE 8TH
Seattle Aviators batting - Pitching for Thunder Bay Northern Lions BC : LHP Jesús Gonzáles
Pitching: LHP Austin Brown
Now at SS: Bill McCarty
Batting: LHB Phil Parkinson 0-0: Ball
1-0: Ball
2-0: Ball
3-0: Called Strike
3-1: Called Strike
3-2: SINGLE (Groundball, 3D)
Batting: RHB José Lozano 0-0: Ball
1-0: Ball
2-0: Ball
3-0: Base on Balls
Phil Parkinson to second
Pitching: RHP Octávio Rodríguez
Batting: RHB John MacGregor 0-0: Called Strike
0-1: Ball
1-1: Ball
2-1: Ball
3-1: Foul Ball, location: 2F
3-2: Foul Ball, location: 2F
3-2: Strikes out swinging
Pitching: LHP Lester Gross
Batting: LHB Michael Greene 0-0: Called Strike
0-1: Called Strike
0-2: Ball
1-2: Ball
2-2: Ball
3-2: Foul Ball, location: 2F
3-2: Fly out, F6 (Popup, 56)
Pitching: RHP Roderick Draper
Batting: RHB Kenzaburo Hori 0-0: Reached on error, E6 (Groundball, 6)
Phil Parkinson scores
José Lozano to third
Batting: RHB Clarence Fox 0-0: Swinging Strike
0-1: Ball
1-1: Foul Ball, location: 2F
1-2: Strikes out swinging
Top of the 8th over - 1 run(s), 1 hit(s), 1 error(s), 2 left on base; Seattle 1 - Thunder Bay 4
BOTTOM OF THE 8TH
Thunder Bay Northern Lions BC batting - Pitching for Seattle Aviators : RHP Nathaniel O'Heyne
Batting: LHB Curtis Peters 0-0: Called Strike
0-1: SINGLE (Line Drive, 6MD)
Batting: LHB Juan Durán 0-0: Called Strike
0-1: Foul Ball, location: 2F
0-2: Ball
1-2: Ball
Wild Pitch!
Curtis Peters to second
2-2: Foul Ball, location: 2F
2-2: SINGLE (Groundball, 56D)
Curtis Peters to third
Runner from 3rd tries for Home, SAFE, no throw or cutoff
Pitching: RHP Alf Näsbom
Batting: RHB Dong-joon Ch'oe 0-0: Ball
1-0: Called Strike
1-1: Grounds into double play, 6-4-3 (Groundball, 6)
Batting: LHB David Smith 0-0: Ball
1-0: Called Strike
1-1: Ball
2-1: Ground out 4-3 (Groundball, 4M)
Bottom of the 8th over - 1 run(s), 2 hit(s), 0 error(s), 0 left on base; Seattle 1 - Thunder Bay 5
TOP OF THE 9TH
Seattle Aviators batting - Pitching for Thunder Bay Northern Lions BC : RHP Roderick Draper
Batting: RHB Lawrence Bell 0-0: Foul Ball, location: 2F
0-1: Ground out 4-3 (Groundball, 4)
Batting: LHB Vern Forrest 0-0: Ball
1-0: Ball
2-0: Ball
3-0: Called Strike
3-1: Fly out, F9 (Flyball, 8RM)
Now in RF: Ramiro Rico
Pinch Hitting: LHB Denny Young 0-0: Fly out, F8 (Line Drive, 8RM)
Top of the 9th over - 0 run(s), 0 hit(s), 0 error(s), 0 left on base; Seattle 1 - Thunder Bay 5
This league is powered by Out of the Park Baseball, the baseball management simulation game for PC, Mac and Linux
Saturday, July 25th, 2015 - OOTP Baseball 15.6 Build 34